Unix NetHack Version 3.7.0-53 Work-in-progress - last build Apr 1 2022 12:02:44 (7e311aa8f678825fd515f266b121b8a7a7199ace,branch:master). Game began 2022-04-03 08:36:36, ended 2022-04-03 08:45:01. elenmirie, neutral female human Tourist ---------- ----- |.......<| |...| ---------------- |........+ |...| |..............| |........| |....## |...{..........-### -----|---- ....| # |d.............| # # # ----- #### --------.------- # ### ## # # # # # # # # ## # ---.------------ ######00############### ## |..............| #### --------.-------# ####### |...............##)######## # |..>^..........|# # -.------------ |..............| # |..............|# #####-....^.......| |.........>....| ###...............|# |......h.d@..| ---------------- ----------------###########.............| |.0..........| |............| -------------- Elenmirie the Rambler St:14 Dx:11 Co:18 In:14 Wi:6 Ch:16 Neutral Dlvl:3 $:1040 HP:0(21) Pw:6(6) AC:9 Xp:2/33 T:1299 Latest messages: Yermak bites the gecko. The gecko is killed! You miss the gecko. The gecko bites! You miss the gecko. Yermak bites the gecko. You miss the gecko. Yermak misses the gecko. The gecko bites! You hit the gecko. Yermak misses the gecko. The gecko bites! You miss the gecko. Yermak bites the gecko. The gecko is killed! Yermak misses the green mold. Yermak bites the green mold. Yermak misses the green mold. Yermak misses the green mold. Yermak misses the green mold. Yermak misses the green mold. Yermak misses the green mold. Yermak bites the green mold. Yermak is splashed by the green mold's acid! Yermak misses the green mold. Yermak bites the green mold. The green mold is killed! Yermak is splashed by the green mold's acid! You swap places with Yermak. The hobbit zaps a uranium wand! The wand hits you! You swap places with Yermak. What do you want to drink? [gp or ?*] ? You feel much better. The door opens. You hear a nearby zap. The wand misses Yermak. With great effort you move the boulder. The hobbit zaps a uranium wand! You stop searching. The wand hits you! The hobbit zaps a uranium wand! The wand hits Yermak! The wand hits you! You die... Do you want your possessions identified? [ynq] (y) y Do you want to see your attributes? [ynq] (y) y Do you want an account of creatures vanquished? [ynaq] (y) y Do you want to see your conduct and achievements? [ynq] (y) y Do you want to see the dungeon overview? [ynq] (y) y Major events: Turn 1: elenmirie the neutral female human Tourist entered the dungeon 1164: entered the Gnomish Mines 1299: killed by a wand Inventory: Coins $ - 1040 gold pieces Weapons x - 32 uncursed +2 darts (at the ready) w - 48 uncursed +0 darts y - an uncursed +0 orcish dagger a - an uncursed +0 scimitar (weapon in hand) Armor z - an uncursed +0 orcish helm (being worn) i - an uncursed +0 Hawaiian shirt with a sailboat motif (being worn) Comestibles d - an uncursed eucalyptus leaf b - 7 uncursed food rations c - 2 uncursed tripe rations Scrolls s - an uncursed scroll of destroy armor o - an uncursed scroll of earth h - 4 uncursed scrolls of magic mapping Spellbooks l - an uncursed spellbook of cause fear E - an uncursed spellbook of levitation Potions p - an uncursed potion of paralysis Rings q - an uncursed ring of aggravate monster A - a cursed ring of polymorph Wands m - an uncursed wand of cancellation (0:2) Tools k - an uncursed credit card j - an uncursed expensive camera (0:86) v - an uncursed leash u - an uncursed tin whistle Elenmirie the Tourist's attributes: Background: You were a Rambler, a level 2 female human Tourist. You were neutral, on a mission for The Lady who was opposed by Blind Io (lawful) and Offler (chaotic). You were in the Dungeons of Doom, on level 3. You entered the dungeon 1299 turns ago. There was a new moon in effect when your adventure ended. You had 33 experience points, 7 more were needed to attain level 3. Basics: You had 0 out of 21 hit points. You had all 6 energy points (spell power). Your armor class was 9. Your wallet contained 1040 zorkmids. Autopickup was on for '$' plus thrown. Final Characteristics: Your strength was 14 (limit:18/100). Your dexterity was 11 (limit:18). Your constitution was 18 (limit:18). Your intelligence was 14 (limit:18). Your wisdom was 6 (limit:18). Your charisma was 16 (limit:18). Final Status: You were not hungry. You were unencumbered. You were wielding a scimitar. You were unskilled in scimitar. Final Attributes: You were stridently aligned. You are dead. Miscellaneous: You never encountered a bones level. Total elapsed playing time was 8 minutes and 24 seconds. Vanquished creatures: a shrieker a giant rat a green mold 3 geckos a jackal a fox 2 goblins 8 grid bugs 2 lichens a kobold zombie a newt 22 creatures vanquished. No species were genocided or became extinct. Voluntary challenges: You were vegetarian. You were illiterate. You never engraved Elbereth. You never genocided any monsters. You never polymorphed an object. You never changed form. You used no wishes. Achievement: You entered the Gnomish Mines. The Dungeons of Doom: levels 1 to 4 Level 1: An altar to The Lady, a fountain. Level 2: A fountain. Level 3: <- You were here. A fountain. Stairs down to The Gnomish Mines. Final resting place for you, killed by a wand. Level 4: The Gnomish Mines: Level 4: Game over: ---------- / \ / REST \ / IN \ / PEACE \ / \ | elenmirie | | 1040 Au | | killed by a wand | | | | | | | | 2022 | *| * * * | * _________)/\\_//(\/(/\)/\//\/|_)_______ Aloha elenmirie the Tourist... You died in The Dungeons of Doom on dungeon level 3 with 336 points, and 1040 pieces of gold, after 1299 moves. You were level 2 with a maximum of 21 hit points when you died.